 Dungeon Crawl Stone Soup version 0.28.0-45-g0d030f2227 (webtiles) character file.

Game seed: 18252263847780397344

1911 Naeght the Spear-Bearer (level 9, 0/68 HPs)
             Began as a Merfolk Gladiator on Apr 21, 2022.
             Was a Follower of the Shining One.
             Succumbed to a water moccasin's poison
             ... on level 7 of the Dungeon.
             The game lasted 00:15:12 (8062 turns).

Naeght the Spear-Bearer (Merfolk Gladiator)         Turns: 8062, Time: 00:15:13

Health: 0/68       AC:  5    Str: 17    XL:     9   Next: 16%
Magic:  13/13      EV: 30    Int: 13    God:    the Shining One [*.....]
Gold:   260        SH:  0    Dex: 15    Spells: 11/14 levels left

rFire   + . .      SeeInvis .   a - +0 trident
rCold   . . .      Faith    .   (no shield)
rNeg    . . .      Spirit   .   l - +2 robe {Will+}
rPois   +          Reflect  .   c - +0 helmet
rElec   .          Harm     .   e - scarf {shadows}
rCorr   .          Rampage  .   (no gloves)
Will    +....                   (no boots)
Stlth   +.........              b - amulet of Starshine {Acrobat rPois rF+ Int+4 Slay-6}
HPRegen 0.21/turn               p - ring of flight
MPRegen 0.13/turn               (no ring)

@: lethally poisoned (0 -> -1), on berserk cooldown, acrobatic, flying, slowed,
glowing, very slow
A: (nimble swimmer 2), mertail
a: Renounce Religion, Divine Shield


You were on level 7 of the Dungeon.
You worshipped the Shining One.
The Shining One was aware of your devotion.
You visited 1 branch of the dungeon, and saw 7 of its levels.

You collected 260 gold pieces.

Inventory:

Hand Weapons
 a - a +0 trident (weapon)
Missiles
 d - 2 throwing nets
 f - 25 poisoned darts (quivered)
 y - 7 boomerangs
 B - 4 atropa-tipped darts
Armour
 c - a +0 helmet (worn)
 e - a scarf of shadows (worn)
 l - a +2 robe of willpower (worn)
 n - a scarf of repulsion
Jewellery
 b - the amulet of Starshine (around neck) {Acrobat rPois rF+ Int+4 Slay-6}
   (You found it on level 2 of the Dungeon)

   [amulet of the acrobat]

   It increases your evasion while moving and waiting.
   Int:       It affects your intelligence (+4).
   Slay:      It affects your accuracy & damage with ranged weapons and melee
   (-6).
   rF:        It protects you from fire.
   rPois:     It protects you from poison.
 p - a ring of flight (left hand)
 t - a +4 ring of evasion
Wands
 q - a wand of digging (6)
Scrolls
 h - 3 scrolls of magic mapping
 k - a scroll of silence {unknown}
 r - a scroll of enchant armour {unknown}
 s - a scroll of fear {unknown}
 u - 3 scrolls of teleportation {unknown}
 w - a scroll of identify
 x - 3 scrolls of noise {unknown}
 A - 2 scrolls of blinking {unknown}
 C - a scroll of fog {unknown}
Potions
 g - 2 potions of degeneration {unknown}
 i - 2 potions of might
 j - 3 potions of haste
 m - a potion of invisibility
 o - a potion of berserk rage
 v - a potion of attraction {unknown}
 z - a potion of heal wounds {unknown}


   Skills:
 + Level 5.0 Fighting
 * Level 12.6 Polearms
 - Level 2.0 Throwing
 + Level 6.7 Dodging
 + Level 3.3 Spellcasting
 + Level 4.6 Transmutations


You had 11 spell levels left.
You knew the following spells:

 Your Spells              Type           Power      Damage    Failure   Level
a - Wereblood             Tmut           14%        N/A       4%          2
b - Beastly Appendage     Tmut           28%        N/A       3%          1

Your spell library contained the following spells:

 Spells                   Type           Power      Damage    Failure   Level
 Foxfire                  Conj/Fire      8%         2x1d4     22%         1
 Spider Form              Tmut/Pois      8%         N/A       26%         3
 Conjure Flame            Conj/Fire      2%         6-21      56%         3
 Inner Flame              Hex/Fire       2%         N/A       56%         3
 Flame Wave               Conj/Fire      2%         2d4       92%         4
 Freezing Cloud           Conj/Ice/Air   1%         6-21      99%         5
 Simulacrum               Ice/Necr       1%         N/A       100%        6
 Polar Vortex             Ice            1%         N/A       100%        9


Dungeon Overview and Level Annotations

Branches:
Dungeon (7/15)             Temple (0/1) D:6

Altars:
Okawaru
The Shining One

Annotations:
D:5 Grinder


Innate Abilities, Weirdness & Mutations

((You are very nimble when in or above water. (Stealth+, EV+, Speed+++)))
Your lower body shifts to a powerful aquatic tail in water.


Message History

You feel very sick.
You see here a water moccasin corpse.
* * * LOW HITPOINT WARNING * * *
You feel very sick.
You start putting on your amulet.
You continue putting on the amulet of Starshine {Acrobat rPois rF+ Int+4 Slay-6}.
Keep equipping yourself?
* * * LOW HITPOINT WARNING * * *
You feel sick.
You continue putting on the amulet of Starshine {Acrobat rPois rF+ Int+4 Slay-6}.
* * * LOW HITPOINT WARNING * * *
You feel sick.
You continue putting on the amulet of Starshine {Acrobat rPois rF+ Int+4 Slay-6}.
* * * LOW HITPOINT WARNING * * *
You feel sick.
You continue putting on the amulet of Starshine {Acrobat rPois rF+ Int+4 Slay-6}.
* * * LOW HITPOINT WARNING * * *
You feel sick.
You continue putting on the amulet of Starshine {Acrobat rPois rF+ Int+4 Slay-6}.
* * * LOW HITPOINT WARNING * * *
You feel sick.
You finish putting on the amulet of Starshine {Acrobat rPois rF+ Int+4 Slay-6}.
You feel ready to tumble and roll out of harm's way.
You feel clever.
b - the amulet of Starshine (around neck) {Acrobat rPois rF+ Int+4 Slay-6} Unknown command.
There is a lethal amount of poison in your body!
It was a potion of berserk rage.
A red film seems to cover your vision as you go berserk!
You feel yourself moving faster!
You feel mighty!
* * * LOW HITPOINT WARNING * * *
You feel sick.
You are too berserk!
You feel a strong urge to attack something.
* * * LOW HITPOINT WARNING * * *
You feel sick.
You feel your anger nearly subside.
You are no longer berserk.
You are exhausted.
You feel yourself slow down.
You die...

##### ...#########
....# #...........
....# #...........
....# #..........
....# #......... ....#
######....# ....#####
#....#.†..# ###.....#
#....@....#
..#.....######'##....#
..#................###
..#................#
###................#
..#................+
..#................#
..#................#
..#.....#'###......#


There were no monsters in sight!

Vanquished Creatures
  A troll (D:6)
  A water moccasin (D:7)
  Pargi (D:3)
  An orc warrior (D:7)
  3 ogres
  A sky beast (D:7)
  2 black bears
  A centaur (D:6)
  2 phantoms
  A kobold brigand (D:6)
  A bullfrog (D:6)
  2 hounds
  An orc priest (D:4)
  A bullfrog skeleton (D:4)
  Jessica (D:3)
  Terence (D:3)
  2 iguanas
  3 orc wizards
  A gnoll (D:1)
  8 adders
  An adder skeleton (D:4)
  2 worms
  2 dart slugs
  21 orcs
  7 ball pythons
  6 bats
  16 endoplasms
  3 giant cockroaches
  6 goblins
  A hobgoblin (D:3)
  6 jackals
  16 kobolds
  5 quokkas (D:1)
  5 frilled lizards
  7 rats
139 creatures vanquished.

Notes
Turn   | Place    | Note
-------+----------+-------------------------------------------
     0 | D:1      | Naeght the Merfolk Gladiator began the quest for the Orb.
     0 | D:1      | Reached XP level 1. HP: 16/16 MP: 1/1
   339 | D:1      | Reached skill level 5 in Polearms
   347 | D:1      | Found a faded altar of an unknown god.
   351 | D:1      | Reached XP level 2. HP: 22/22 MP: 2/2
   823 | D:1      | Reached skill level 6 in Polearms
   823 | D:1      | Reached XP level 3. HP: 26/27 MP: 3/3
   850 | D:1      | You fall into a shaft and drop 1 floor!
   856 | D:2      | Found a glowing golden altar of the Shining One.
  1279 | D:1      | Reached XP level 4. HP: 31/33 MP: 4/4
  1321 | D:1      | Reached skill level 7 in Polearms
  2167 | D:2      | Identified the amulet of Starshine {Acrobat rPois rF+ Int+4
                  | Slay-6}
  2681 | D:2      | Became a worshipper of the Shining One
  2892 | D:3      | Noticed Terence
  2920 | D:4      | Noticed an ogre
  2928 | D:4      | Killed an ogre
  2929 | D:4      | Reached skill level 8 in Polearms
  2929 | D:4      | Reached XP level 5. HP: 18/39 MP: 5/5
  2962 | D:4      | Reached skill level 9 in Polearms
  2962 | D:4      | Reached XP level 6. HP: 17/46 MP: 6/6
  3466 | D:3      | Killed Terence
  3593 | D:3      | Noticed Pargi
  3606 | D:3      | Killed Pargi
  3607 | D:3      | Reached skill level 10 in Polearms
  3727 | D:3      | Learned a level 2 spell: Wereblood
  3729 | D:3      | Learned a level 1 spell: Beastly Appendage
  3790 | D:3      | Reached XP level 7. HP: 39/51 MP: 7/7
  3887 | D:3      | Noticed Jessica
  3891 | D:3      | Killed Jessica
  3919 | D:3      | Found an iron altar of Okawaru.
  3962 | D:3      | Reached * piety under the Shining One
  4035 | D:3      | Reached skill level 1 in Transmutations
  4916 | D:4      | Reached skill level 5 in Dodging
  4978 | D:4      | Reached skill level 1 in Spellcasting
  5791 | D:5      | Entered Level 5 of the Dungeon
  5985 | D:5      | Noticed Grinder
  6019 | D:6      | Reached skill level 11 in Polearms
  6019 | D:6      | Reached XP level 8. HP: 30/60 MP: 10/10
  6576 | D:6      | Noticed a troll
  6586 | D:6      | Killed a troll
  6927 | D:6      | Found a staircase to the Ecumenical Temple.
  6948 | D:6      | Reached skill level 12 in Polearms
  7626 | D:7      | Reached XP level 9. HP: 52/66 MP: 13/13
  8052 | D:7      | Reached skill level 5 in Fighting
  8057 | D:7      | HP: 3/68 [poisoned by a water moccasin]
  8062 | D:7      | Succumbed to a water moccasin's poison

Illustrated notes

Levels and vault maps discovered:
D:1:      wander_arrival_desolate, layout_basic, ebering_ecumenical_altar_rust,
          minmay_misc_feat_nine_boxes
D:2:      layout_basic, basic_altar
D:3:      minmay_recursive_quarters, layout_rooms, okawaru_trees_1,
          minmay_pentangle, uniq_jessica, uniq_pargi, uniq_terence
D:4:      layout_gridville, hex_large, eino_small_chamber_without_monster
D:5:      layout_loops_ring, uniq_grinder
D:6:      layout_loops_ring, minmay_temple_entry_sparse_star,
          chequers_serial_rivers_micro_a
D:7:      layout_gridville

Skill      XL: |  1  2  3  4  5  6  7  8  9 |
---------------+----------------------------+-----
Polearms       | 5 6 8 9 10 11 12 | 12.6
Fighting       | 3 4 5 |  5.0
Transmutations | 2 4 |  4.6
Dodging        | 5 6 |  6.7
Spellcasting   | 1 3 |  3.3
Throwing       | |  2.0

Action                   |  1- 3 |  4- 6 |  7- 9 || total
-------------------------+-------+-------+-------++-------
Melee: Trident           |   126 |   167 |   235 ||   528
       Punch             |     2 |       |     3 ||     5
       Headbutt          |       |       |     5 ||     5
Throw: Dart              |       |     3 |       ||     3
       Throwing net      |       |     1 |       ||     1
 Cast: Beastly Appendage |       |       |     3 ||     3
       Wereblood         |       |       |     3 ||     3
  Use: Scroll            |       |     4 |       ||     4
       Potion            |       |     1 |     1 ||     2
 Stab: Sleeping          |       |     1 |       ||     1
Armor: Leather armour    |    19 |     3 |       ||    22
       Robe              |       |    44 |    43 ||    87
Dodge: Dodged            |    75 |   141 |   131 ||   347
